 Dungeon Crawl Stone Soup version 0.30-a0-586-g23e55c9e0a (webtiles) character file.

Game seed: 6147632823643117045

12516 Bnni the Skirmisher (level 12, -5/95 HPs)
             Began as a Formicid Hexslinger on Jan 3, 2023.
             Was an Elder of Dithmenos.
             Slain by a harpy simulacrum (9 damage)
             ... in an ice cave.
             The game lasted 00:35:13 (11536 turns).

Bnni the Skirmisher (Formicid Hexslinger)          Turns: 11536, Time: 00:35:13

Health: -5/95      AC:  8    Str: 16    XL:     12   Next: 21%
Magic:  15/18      EV: 12    Int: 15    God:    Dithmenos [****..]
Gold:   938        SH: 11    Dex: 16    Spells: 5/19 levels left

rFire   + + +      SeeInvis +    I - +0 shortbow
rCold   . . .      Faith    .    C - +0 kite shield
rNeg    . . .      Spirit   .    G - +2 robe {rF+}
rPois   .          Reflect  .    (helmet unavailable)
rElec   .          Harm     .    P - +0 cloak
rCorr   .          Rampage  .    H - +0 pair of gloves
Will    +....                    y - +1 pair of boots
Stlth   ++                       O - amulet of regeneration
HPRegen 1.15/turn                A - ring of protection from fire
MPRegen 0.16/turn                i - ring of protection from fire

@: wreathed by umbra
A: permanent stasis, dig shafts and tunnels, antennae 3, four strong arms
a: Dig, Renounce Religion, Shadow Step


You were in an ice cave.
You worshipped Dithmenos.
Dithmenos was greatly pleased with you.
You visited 1 branch of the dungeon, and saw 12 of its levels.
You also visited: Bailey and Ice Cave.

You collected 938 gold pieces.

Inventory:

Hand Weapons
 k - a +0 dagger of venom
 E - a +3 hand axe of venom
 I - a +0 shortbow (weapon)
Missiles
 l - 7 curare-tipped darts
Armour
 c - a +0 tower shield
 y - a +1 pair of boots (worn)
 C - a +0 kite shield (worn)
 G - a +2 robe of fire resistance (worn)
 H - a +0 pair of gloves (worn)
 P - a +0 cloak (worn)
Jewellery
 h - a ring of positive energy
 i - a ring of protection from fire (right hand)
 x - a ring of positive energy
 A - a ring of protection from fire (left hand)
 J - a ring of resist corrosion
 O - an amulet of regeneration (around neck)
Wands
 w - a wand of paralysis (7)
 K - a wand of light (2)
 M - a wand of mindburst (3)
Scrolls
 b - 3 scrolls of poison
 d - 3 scrolls of enchant weapon {unknown}
 e - 6 scrolls of teleportation {unknown}
 f - 6 scrolls of enchant armour
 g - 2 scrolls of fog {unknown}
 j - 2 scrolls of magic mapping {unknown}
 n - a scroll of fear {unknown}
 o - a scroll of amnesia {unknown}
 q - 2 scrolls of brand weapon
 r - 2 scrolls of vulnerability {unknown}
 s - a scroll of immolation
 v - a scroll of summoning
Potions
 m - 2 potions of lignification
 t - 7 potions of flight
 u - a potion of magic
 z - 2 potions of might
 B - a potion of brilliance
 D - 2 potions of attraction {unknown}
 F - 3 potions of heal wounds
 L - a potion of invisibility {unknown}
 N - a potion of ambrosia {unknown}


   Skills:
 + Level 9.0 Fighting
 * Level 11.9 Ranged Weapons
 - Level 3.0 Dodging
 + Level 8.6 Shields
 - Level 4.0 Spellcasting
 - Level 10.0 Hexes
 - Level 3.0 Translocations
 - Level 3.0 Fire Magic


You had 5 spell levels left.
You knew the following spells:

 Your Spells              Type           Power      Damage    Failure   Level
a - Slow                  Hex            100%       N/A       1%          1
b - Inner Flame           Hex/Fire       22%        N/A       7%          3
c - Portal Projectile     Hex/Tloc       44%        N/A       7%          3
d - Cause Fear            Hex            16%        N/A       5%          4
e - Dazzling Flash        Conj/Hex       36%        N/A       13%         3

Your spell library contained the following spells:

 Spells                   Type           Power      Damage    Failure   Level
 Confusing Touch          Hex            33%        N/A       1%          3
 Kiss of Death            Conj/Necr      12%        2d6       34%         1
 Magic Dart               Conj           12%        1d3       34%         1
 Call Imp                 Summ           3%         N/A       45%         2
 Cigotuvi's Dreadful Rot  Necr/Pois/Air  6%         N/A       45%         2
 Manifold Assault         Tloc           12%        N/A       69%         4
 Mephitic Cloud           Conj/Pois/Air  3%         N/A       71%         3
 Iskenderun's Mystic Bla  Conj/Tloc      7%         2d4       88%         4
 Dispel Undead            Necr           3%         3d7       98%         4
 Death Channel            Necr           1%         N/A       100%        6
 Starburst                Conj/Fire      3%         6d3       100%        6
 Storm Form               Tmut/Air       1%         N/A       100%        7
 Blink                    Tloc           Unusable   N/A       N/A         2

Dungeon Overview and Level Annotations

Branches:
Dungeon (14/15)            Temple (0/1) D:5            Lair (0/5) D:8
    Orc (0/2) D:9          Bailey (visited)           IceCv (1/1)
 Vaults: D:13-14

Altars:
Ashenzari
Cheibriados
Dithmenos
Hepliaklqana
Okawaru
Ru
Trog
The Shining One

Shops:
D:2 [   D:3 (


Innate Abilities, Weirdness & Mutations

You cannot be hasted, slowed, berserked, paralysed or teleported.
You can dig through walls and to a lower floor.
You have a pair of large antennae on your head. (SInv)
Your four strong arms can wield two-handed weapons with a shield.


Message History

The harpy simulacrum misses you.
The harpy simulacrum claws you but does no damage.
You block the harpy simulacrum's attack.
The harpy simulacrum claws you. The harpy simulacrum freezes you!
The harpy simulacrum claws you. The harpy simulacrum freezes you!
The harpy simulacrum claws you. The harpy simulacrum freezes you!
Casting: Slow (safe; 1% risk of failure)
Confirm with . or Enter, or press ? or * to list all spells.
Aiming: Slow (safe; 1% risk of failure)
Press: ? - help, Shift-Dir - straight line, f/p - harpy simulacrum
Aim: a harpy simulacrum (umbra, chance to affect: 66%)
The harpy simulacrum struggles to resist.
The harpy simulacrum claws you. The harpy simulacrum freezes you!
* * * LOW HITPOINT WARNING * * *
You block the harpy simulacrum's attack. x3
Casting: Slow (safe; 1% risk of failure)
Confirm with . or Enter, or press ? or * to list all spells.
Aiming: Slow (safe; 1% risk of failure)
Press: ? - help, Shift-Dir - straight line, f/p - harpy simulacrum
Aim: a harpy simulacrum (umbra, chance to affect: 66%)
Okay, then.
Casting: Slow (safe; 1% risk of failure)
Confirm with . or Enter, or press ? or * to list all spells.
You can't see any susceptible monsters within range! (Use Z to cast anyway.) Unknown command.
Throw: throwing net
Press: ? - help, Shift-Dir - straight line, f/p - harpy simulacrum
Aim: a harpy simulacrum (umbra, 81% to hit)
You throw a throwing net.
The throwing net hits the harpy simulacrum.
The harpy simulacrum is caught in the net!
The harpy simulacrum struggles against the net. x2
The harpy simulacrum struggles against the net.
The net rips apart, and the harpy simulacrum comes free!
The harpy simulacrum claws you.
* * * LOW HITPOINT WARNING * * *
The harpy simulacrum freezes you!
* * * LOW HITPOINT WARNING * * *
The harpy simulacrum claws you!
You die...

#. #4{ {
##.. { #.Z
##### ##.{
##.#∩#
#..###....#
#.Z#......#
#..Z@...∩##
##...#####
#####


You could see a harpy simulacrum and a deep troll simulacrum.

Vanquished Creatures
  Erica (D:10)
  2 two-headed ogres
  The ghost of Errthou the Severer, a novice MiBe of Trog (D:7)
  A deep elf pyromancer (D:14)
  A manticore (D:11)
  3 slime creatures (D:14)
  Maggie (D:6)
  A kobold demonologist (D:11)
  2 trolls
  Grinder (D:5)
  A shadow (D:7)
  Sigmund (D:6)
  A wraith (D:10)
  2 wyverns
  9 yaks
  A steam dragon (D:6)
  Menkaure (D:4)
  Edmund (D:4)
  2 acid dragons
  A swamp drake (D:9)
  A sky beast (D:4)
  11 orc warriors
  A black bear (D:8)
  2 ogres
  2 centaurs
  2 kobold brigands (D:11)
  3 phantoms (D:5)
  2 gnoll sergeants
  3 bullfrogs
  3 scorpions
  3 necrophages
  5 wights (D:6)
  19 killer bees
  A howler monkey (D:4)
  5 orc priests
  A gnoll bouda (D:8)
  3 hounds
  5 jellies (D:6)
  5 iguanas
  11 orc wizards
  19 gnolls
  5 adders
  A river rat (D:6)
  2 shadow imps
  A white imp (D:6)
  2 ufetubi (D:6)
  A worm (D:4)
  42 orcs
  10 endoplasms
  3 giant cockroaches
  10 goblins
  8 hobgoblins
  5 jackals
  24 kobolds
  3 quokkas
  5 ball pythons
  6 bats
  6 frilled lizards
  5 rats
280 creatures vanquished.

Vanquished Creatures (others)
  10 fungi (D:8)
  9 plants (D:8)
19 creatures vanquished.

Grand Total: 299 creatures vanquished

Notes
Turn   | Place    | Note
-------+----------+-------------------------------------------
     0 | D:1      | Bnni the Formicid Hexslinger began the quest for the Orb.
     0 | D:1      | Reached XP level 1. HP: 15/15 MP: 2/2
    72 | D:1      | Reached XP level 2. HP: 21/21 MP: 3/3
   271 | D:1      | Reached skill level 1 in Fire Magic
   286 | D:1      | Found a faded altar of an unknown god.
   292 | D:1      | Reached XP level 3. HP: 26/26 MP: 4/4
   296 | D:1      | Learned a level 3 spell: Inner Flame
  1232 | D:2      | Reached XP level 4. HP: 33/33 MP: 6/6
  1389 | D:2      | Found Hoahel's Antique Armour Shoppe.
  1712 | D:2      | Reached XP level 5. HP: 13/38 MP: 3/7
  1954 | D:3      | Found a bloodstained altar of Trog.
  1955 | D:3      | Found a shadowy altar of Dithmenos.
  1955 | D:3      | Found a hazy altar of Hepliaklqana.
  1956 | D:3      | Found a sacrificial altar of Ru.
  1956 | D:3      | Found an iron altar of Okawaru.
  1963 | D:3      | Became a worshipper of Dithmenos the Shadowed
  2037 | D:3      | Found Juuduwif's Weapon Shoppe.
  2130 | D:3      | Reached skill level 3 in Ranged Weapons
  2522 | D:4      | Reached skill level 5 in Hexes
  2522 | D:4      | Reached XP level 6. HP: 23/46 MP: 7/9
  2691 | D:3      | Learned a level 4 spell: Cause Fear
  2726 | D:4      | Noticed Edmund
  2732 | D:4      | Killed Edmund
  2733 | D:4      | Reached XP level 7. HP: 51/51 MP: 6/10
  2888 | D:4      | Reached skill level 4 in Ranged Weapons
  3102 | D:4      | Reached * piety under Dithmenos
  3128 | D:4      | Noticed Menkaure
  3266 | D:4      | Killed Menkaure
  3454 | D:4      | Learned a level 3 spell: Portal Projectile
  3602 | D:5      | Entered Level 5 of the Dungeon
  3789 | D:5      | Reached skill level 1 in Translocations
  3789 | D:5      | Reached XP level 8. HP: 58/58 MP: 5/12
  4095 | D:5      | Reached skill level 5 in Ranged Weapons
  4369 | D:5      | Found a staircase to the Ecumenical Temple.
  4410 | D:5      | Noticed Grinder
  4421 | D:5      | Killed Grinder
  4795 | D:6      | Reached XP level 9. HP: 66/66 MP: 9/14
  4912 | D:6      | Reached skill level 6 in Ranged Weapons
  5230 | D:6      | Noticed Maggie
  5243 | D:6      | Killed Maggie
  5244 | D:6      | Reached skill level 5 in Fighting
  5320 | D:6      | Reached ** piety under Dithmenos
  5773 | D:6      | Noticed Sigmund
  5783 | D:6      | Killed Sigmund
  5784 | D:6      | Reached skill level 7 in Ranged Weapons
  5784 | D:6      | Reached skill level 1 in Shields
  5898 | D:6      | Noticed a two-headed ogre
  5904 | D:6      | Killed a two-headed ogre
  5905 | D:6      | Reached skill level 8 in Ranged Weapons
  5905 | D:6      | Reached XP level 10. HP: 72/76 MP: 12/16
  5939 | D:6      | Found a broken altar of Ashenzari.
  5941 | D:6      | Found a snail-covered altar of Cheibriados.
  6192 | D:7      | Found a glowing golden altar of the Shining One.
  6264 | D:7      | Found a runed translucent gate.
  6264 | D:7      | Found a runed translucent gate.
  6264 | D:7      | Found a runed translucent gate.
  6406 | D:7      | Found a flagged portal.
  6445 | Bailey   | Entered a bailey
  7087 | D:7      | Noticed Errthou's ghost (novice MiBe)
  7145 | D:7      | Killed Errthou's ghost
  7146 | D:7      | Reached skill level 9 in Ranged Weapons
  7146 | D:7      | Reached skill level 5 in Shields
  7713 | D:8      | Reached *** piety under Dithmenos
  7714 | D:8      | Reached XP level 11. HP: 58/84 MP: 4/17
  7910 | D:8      | Found a staircase to the Lair.
  8137 | D:8      | Reached skill level 10 in Ranged Weapons
  8978 | D:9      | Noticed a two-headed ogre
  8985 | D:9      | Killed a two-headed ogre
  9305 | D:9      | Reached **** piety under Dithmenos
  9345 | D:9      | Reached skill level 10 in Hexes
  9606 | D:9      | Found a staircase to the Orcish Mines.
  9749 | D:10     | Entered Level 10 of the Dungeon
  9788 | D:10     | Noticed Erica
  9801 | D:10     | Killed Erica
 10058 | D:10     | Reached skill level 11 in Ranged Weapons
 10684 | D:10     | Learned a level 3 spell: Dazzling Flash
 10740 | D:11     | Noticed a manticore
 10758 | D:11     | Killed a manticore
 10759 | D:11     | Reached XP level 12. HP: 49/93 MP: 7/18
 11157 | D:11     | You fall into a shaft and drop 3 floors!
 11480 | D:14     | Found a frozen archway.
 11513 | IceCv    | Entered an ice cave
 11536 | IceCv    | HP: 4/95 [harpy simulacrum (9)]
 11536 | IceCv    | Slain by a harpy simulacrum

Illustrated notes

Levels and vault maps discovered:
D:1:      minmay_arrival_plants_in_alcoves, layout_basic,
          shapermc_ecumenical_altar_pompeii
D:2:      layout_loops_corners, serial_shops, shop
D:3:      layout_loops_ring, grunt_temple_overflow_open, serial_shops, shop,
          minmay_cut_off
D:4:      layout_basic, uniq_edmund, uniq_menkaure
D:5:      layout_basic, minmay_temple_entry_proselytizer, enter_ossuary_2,
          uniq_grinder
D:6:      layout_basic, jmf_multi_god_temple, gup_sewer_entry_bowl,
          uniq_sigmund, uniq_maggie
D:7:      layout_basic, mainiacjoe_overflow_boulevard, enter_bailey_2,
          ebering_ghost_rock_garden
D:8:      layout_loops_cross, grunt_lair_entry_orc_guard_hut
D:9:      layout_cave_pools, erik_orc_1
D:10:     layout_loops_ring, minivault_23, uniq_erica
D:11:     layout_basic, uniq_lodul
D:14:     layout_loops_ring, grunt_vaults_entry_tiered,
          portal_ice_cave_entry_pillars_three, grunt_decor_resistance,
          serial_shops, shop, zin_academy, uniq_jorgrun
IceCv:    ice_cave_caverns_03

Skill      XL: |  1  2  3  4  5  6  7  8  9 10 11 12 |
---------------+-------------------------------------+-----
Fire Magic     | 1 2 3 |  3.0
Hexes          | 4 5 6 7 9 10 | 10.0
Fighting       | 2 3 4 5 7 8 9 |  9.0
Ranged Weapons | 3 4 5 8 9 11 | 11.9
Spellcasting   | 2 3 4 |  4.0
Translocations | 1 3 |  3.0
Dodging        | 3 |  3.0
Shields        | 3 5 8 |  8.6

Action                   |  1- 3 |  4- 6 |  7- 9 | 10-12 || total
-------------------------+-------+-------+-------+-------++-------
Melee: Unarmed           |       |       |     5 |       ||     5
       Dagger            |       |       |    12 |       ||    12
 Fire: Sling             |    83 |   119 |   430 |   227 ||   859
       Shortbow          |       |       |       |   327 ||   327
Throw: Dart              |       |     3 |     2 |       ||     5
       Throwing net      |       |       |       |     2 ||     2
 Cast: Slow              |     1 |    11 |    31 |    15 ||    58
       Inner Flame       |       |     3 |    21 |    55 ||    79
       Cause Fear        |       |       |     4 |       ||     4
       Portal Projectile |       |       |     3 |     4 ||     7
 Abil: Dig               |       |       |       |     4 ||     4
  Use: Scroll            |       |     1 |     6 |     5 ||    12
       Potion            |       |       |     1 |       ||     1
Armor: Robe              |     6 |     6 |    29 |    43 ||    84
       Skin              |       |       |     4 |       ||     4
       Steam dragon scal |       |       |    17 |     6 ||    23
Dodge: Dodged            |    26 |    35 |   179 |   142 ||   382
Block: Kite shield       |       |       |     1 |   138 ||   139
       Tower shield      |       |       |       |     7 ||     7

Table legend: (Time is in decaauts)
 A = Elapsed time spent in this place.
 B = Non-inter-level travel time spent in this place.
 C = Inter-level travel time spent in this place.
 D = Time resting spent in this place.
 E = Time spent auto-exploring this place.
 F = Levels seen in this place.
 G = Mean time per level.
                   A        B        C        D        E       F      G
               +--------+--------+--------+--------+--------+-----+--------+
         Total |  11696 |  11363 |    333 |   1682 |   6772 |  14 |  835.4 |
       Dungeon |  11186 |  10853 |    333 |   1532 |   6685 |  12 |  932.2 |
        Bailey |    487 |    487 |      0 |    146 |     87 |   1 |  487.0 |
      Ice Cave |     22 |     22 |      0 |      4 |      0 |   1 |   22.0 |
               +--------+--------+--------+--------+--------+-----+--------+

Top non-repeatable levels by time:
     D:6: 1403 daAuts
     D:5: 1203 daAuts
     D:2: 1120 daAuts
     D:8: 1077 daAuts
     D:9: 1063 daAuts
     D:7: 996 daAuts
    D:10: 962 daAuts
     D:3: 925 daAuts
     D:4: 904 daAuts
     D:1: 723 daAuts
  Bailey: 487 daAuts
    D:11: 449 daAuts
    D:14: 356 daAuts
   IceCv: 22 daAuts
